 Dungeon Crawl Stone Soup version 0.24-a0-521-g122614b (webtiles) character file.

Game seed: 18091449548887257604

60767 Dracunculus the Thaumaturge (level 15, -5/117 HPs)
             Began as a Gnoll Skald on July 29, 2019.
             Was a High Priest of Ashenzari.
             Killed by divine providence
             ... invoked by an orc priest
              (10 damage)
             ... on level 2 of the Orcish Mines.
             The game lasted 01:04:34 (19957 turns).

Dracunculus the Thaumaturge (Gnoll Skald)          Turns: 19957, Time: 01:04:34

Health: -5/117     AC: 14    Str: 20    XL:     15   Next: 0%
Magic:  0/29       EV: 23    Int: 18    God:    Ashenzari [*****.]
Gold:   570        SH:  7    Dex: 19    Spells: 3/35 levels left

rFire    . . .     SeeInvis +   v - +7 demon trident (elec)
rCold    . . .     Gourm    .   D - +0 buckler
rNeg     + + .     Faith    .   n - +0 ring mail (curse)
rPois    +         Spirit   +   W - +1 helmet of the Everdark {rN+ rCorr Slay+2} (curse)
rElec    .         Reflect  .   p - -3 cloak of Freedom {MR+ Str+2}
rCorr    +         Harm     .   y - +2 pair of gloves
MR       ++...     Clarity  +   M - +1 pair of boots
Stlth    ++++......             J - amulet of guardian spirit
HPRegen  0.29/turn              R - ring "Inuoh" {*Drain +Fly rPois rN+ Dex+5} (curse)
MPRegen  0.21/turn              L - +4 ring of evasion (curse)

@: lethally poisoned (-5 -> -6), about to teleport, singing
A: distributed training, fangs 1, strong nose
a: Curse Item, Scrying, Renounce Religion, Evoke Flight


You were on level 2 of the Orcish Mines.
You worshipped Ashenzari.
Ashenzari was extremely pleased with you.
You were not hungry.

You visited 4 branches of the dungeon, and saw 21 of its levels.
You visited 1 bazaar.
You also visited: Ice Cave.

You collected 1533 gold pieces.
You spent 963 gold pieces at shops.

Inventory:

Hand Weapons
 b - a +0 trident of piercing
 v - a +7 demon trident of electrocution (weapon)
 A - a +1 spear of venom
Missiles
 i - 6 javelins
 q - 7 curare-tipped darts (quivered)
Armour
 k - a +0 cloak
 n - a cursed +0 ring mail (worn)
 p - the -3 cloak of Freedom (worn) {MR+ Str+2}
   (You bought it in a shop in a bazaar)

   It affects your strength (+2).
   It affects your resistance to hostile enchantments.
 y - a +2 pair of gloves (worn)
 D - a +0 buckler (worn)
 G - a +4 chain mail
 M - a +1 pair of boots (worn)
 W - the cursed +1 helmet of the Everdark (worn) {rN+ rCorr Slay+2}
   (You found it on level 12 of the Dungeon)

   It affects your accuracy and damage with ranged weapons and melee attacks
   (+2).
   It protects you from negative energy.
   It provides partial protection from all sources of acid and corrosion.
   It has a curse placed upon it.
Magical Staves
 j - an uncursed staff of power
Jewellery
 a - an uncursed ring of protection from magic
 o - an uncursed amulet of the acrobat
 J - an amulet of guardian spirit (around neck)
 L - a cursed +4 ring of evasion (right hand)
 Q - the ring "Memuefoy" {+Fly rF+}
   (You found it on level 3 of the Lair of Beasts)

   [ring of flight]

   It protects you from fire.
   It lets you fly.
 R - the cursed ring "Inuoh" (left hand) {*Drain +Fly rPois rN+ Dex+5}
   (You found it on level 6 of the Lair of Beasts)

   [ring of flight]

   It affects your dexterity (+5).
   It protects you from poison.
   It protects you from negative energy.
   It lets you fly.
   It causes draining when unequipped.
   It has a curse placed upon it.
Wands
 c - a wand of digging (1)
 g - a wand of disintegration (12)
 l - a wand of enslavement (10)
 w - a wand of polymorph (18)
 x - a wand of acid (19)
 B - a wand of random effects (68)
 E - a wand of flame (39)
 K - a wand of iceblast (43)
 S - a wand of scattershot (8)
Scrolls
 h - a scroll of holy word
 s - 5 scrolls of amnesia
 t - 2 scrolls of enchant armour
 z - a scroll of fear
 F - a scroll of brand weapon
 I - 2 scrolls of teleportation
 U - 2 scrolls of fog
Potions
 e - 12 potions of curing
 f - 5 potions of flight
 r - a potion of berserk rage
 u - a potion of heal wounds
 H - 2 potions of agility
 N - 2 potions of brilliance
 O - 4 potions of lignification
 P - 2 potions of might
Miscellaneous
 T - a lightning rod (4/4)
Comestibles
 d - 43 rations
 m - 5 chunks of flesh


   Skills:
 + Level 10.7 Fighting
 + Level 9.7 Short Blades
 + Level 9.7 Long Blades
 + Level 9.7 Axes
 + Level 9.7 Maces & Flails
 + Level 10.7 Polearms
 + Level 9.7 Staves
 + Level 9.7 Slings
 + Level 9.7 Bows
 + Level 9.7 Crossbows
 + Level 9.7 Throwing
 + Level 10.1 Armour
 + Level 10.7 Dodging
 + Level 9.7 Stealth
 + Level 9.7 Shields
 + Level 9.7 Unarmed Combat
 + Level 10.9 Spellcasting
 + Level 8.1(10.8) Conjurations
 + Level 8.1(10.8) Hexes
 + Level 9.8(12.3) Charms
 + Level 8.1(10.8) Summonings
 + Level 8.1(10.8) Necromancy
 + Level 8.1(10.8) Translocations
 + Level 8.1(10.8) Transmutations
 + Level 8.1(10.8) Fire Magic
 + Level 8.1(10.8) Ice Magic
 + Level 8.1(10.8) Air Magic
 + Level 8.1(10.8) Earth Magic
 + Level 8.1(10.8) Poison Magic
 + Level 10.5 Invocations
 + Level 9.7(12.2) Evocations


You had 3 spell levels left.
You knew the following spells:

 Your Spells              Type           Power        Failure   Level  Hunger
a - Infusion              Chrm           ####         1%          1    None
b - Song of Slaying       Chrm           ######..     1%          2    None
c - Spectral Weapon       Hex/Chrm       ######..     1%          3    None
d - Regeneration          Chrm/Necr      ######....   1%          3    None
e - Blink                 Tloc           N/A          1%          2    None
f - Conjure Flame         Conj/Fire      #####...     1%          3    None
g - Mephitic Cloud        Conj/Pois/Air  #####...     1%          3    None
h - Deflect Missiles      Chrm/Air       ######....   14%         6    ######.
i - Silence               Hex/Air        #####.....   3%          5    #####..
j - Summon Lightning Spi  Summ/Air       #####...     1%          4    ##.....

Your spell library contained the following spells:

 Spells                   Type           Power        Failure   Level  Hunger
 Beastly Appendage        Tmut           #####.       1%          1    None
 Magic Dart               Conj           ####         1%          1    None
 Call Imp                 Summ           #####...     1%          2    None
 Shroud of Golubria       Chrm/Tloc      ######       1%          2    None
 Slow                     Hex            #####...     1%          2    None
 Sticks to Snakes         Tmut           #####...     1%          2    None
 Portal Projectile        Hex/Tloc       #####.       1%          3    None
 Spider Form              Tmut/Pois      #####.....   1%          3    None
 Cause Fear               Hex            #####.....   1%          4    ##.....
 Ice Form                 Ice/Tmut       #####...     1%          4    ##.....
 Blade Hands              Tmut           #####.....   3%          5    #####..
 Conjure Ball Lightning   Conj/Air       #####.....   21%         6    ######.
 Discord                  Hex            #####.....   100%        8    #######
 Tornado                  Air            #####.....   100%        9    #######


Dungeon Overview and Level Annotations

Branches:
Dungeon (12/15)            Temple (1/1) D:7            Lair (6/6) D:8
  Swamp (0/4) Lair:4       Spider (0/4) Lair:2        Slime (0/5) Lair:5
    Orc (2/2) D:12
    Elf: Orc:2

Altars:
Ashenzari
Cheibriados
Dithmenos
Elyvilon
Fedhas
Gozag
Hepliaklqana
Kikubaaqudgha
Makhleb
Nemelex Xobeh
Okawaru
Qazlal
Ru
Sif Muna
Trog
Uskayaw
Vehumet
Wu Jian
Xom
Yredelemnul
Zin
The Shining One

Shops:
D:6 [*(

Annotations:
D:12 1 runed translucent door, exclusion: orange crystal statue
Lair:4 Rupert
Lair:5 exclusion: 3 oklob plants


Innate Abilities, Weirdness & Mutations

Your experience applies equally to all skills.
You have very sharp teeth.
Your uncanny sense of smell can sniff out nearby items.


Message History

Increase (S)trength, (I)ntelligence, or (D)exterity?
You feel stronger. The orc warrior completely misses you.
As you read the scroll of teleportation, it crumbles to dust.
You feel strangely unstable. The orc warrior misses you.
An orc warrior comes into view. It is wielding a +0 battleaxe.
The orc knight unwields a +0 arbalest.
The orc knight wields a +1 dire flail of venom.
It begins to drip with poison!
The orc knight hits you but does no damage.
You are poisoned.
The orc warrior hits your spectral weapon with a +0 mace.
Your spectral weapon shares its damage with you!
* * * LOW HITPOINT WARNING * * *
The orc high priest invokes the aid of Beogh against you.
Beogh smites you!
* * * LOW HITPOINT WARNING * * *
The orc priest mumbles some strange prayers to Beogh against you.
Beogh smites you!
You die...

###### ############## * * * *
*##### * ##.....## ##. , **
###........(##* *##... , ,
#.............## *..... , ,
...†...........###o5o... ,,
.#.#.#.#.#.#.#.#.#o#o#o# ,* *
................§o3553o. ,
)[.............#@#{{{.{.,,,,,
................(oo4o.o., , ,
, .#.#.#.#.#.#.#.#.#o#o#.# *
, ...)...........###ooo,, ,,
, ,, #.............## * o...
, , ###.........### *##...
,,, * ###.....### ##.,, *
####### * * * #####* **


You could see 2 orc knights, 2 orc high priests, a sixfirhy, a ynoxinul, a red
devil, 11 orc warriors, an orc priest, an orc, 3 ufetubi and a friendly spectral
+7 demon trident of electrocution.

Vanquished Creatures
  Kirke (D:12)
  A stone giant (Orc:2)
  Erolcha (D:12)
  A catoblepas (Lair:6)
  4 hydras
  3 two-headed ogres
  9 death yaks
  2 orc high priests (Orc:2)
  A deep troll shaman (Lair:6)
  An unseen horror (D:11)
  3 lindwurms
  3 orc knights (Orc:2)
  2 deep elf magi (D:12)
  4 ugly things
  3 cyclopes
  A manticore (D:12)
  6 elephants (Lair:6)
  Maurice (D:9)
  2 black mambas
  Psyche (D:11)
  10 spiny frogs
  7 komodo dragons
  A centaur skeleton (D:10)
  2 kobold demonologists (D:11)
  2 rime drakes
  2 ice devils (Lair:6)
  3 polar bears (Lair:6)
  4 trolls
  8 hippogriffs
  6 slime creatures (D:12)
  15 blink frogs
  6 spriggans (Lair:3)
  2 wraiths
  24 yaks
  A wyvern (Lair:6)
  7 basilisks
  2 hogs (D:12)
  2 humans (D:11)
  A steam dragon (Lair:2)
  12 water moccasins
  7 porcupines
  A phantom (D:10)
  6 ice beasts (IceCv)
  18 orc warriors
  4 sky beasts
  6 black bears
  8 wolves
  A necrophage (D:9)
  6 ogres
  12 crocodiles
  5 centaurs
  A big kobold (D:7)
  14 bullfrogs
  A gnoll sergeant (D:8)
  A wyvern zombie (D:11)
  3 scorpions
  9 killer bees
  16 wights
  2 electric eels
  3 howler monkeys
  5 crimson imps
  6 jellies
  A lava snake (Lair:4)
  3 centaur zombies
  4 bullfrog skeletons
  37 orc priests
  7 hounds
  21 orc wizards
  2 iguanas
  9 worker ants
  A hound zombie (D:9)
  A hound skeleton (D:8)
  2 worker ant zombies
  A howler monkey skeleton (D:6)
  8 adders
  12 gnolls
  6 shadow imps
  5 oozes (D:9)
  5 adder skeletons
  2 worms
  A dart slug (D:3)
  7 leopard geckos
  74 orcs
  A ball python (D:4)
  4 giant cockroaches
  8 goblins
  7 hobgoblins
  14 jackals
  13 kobolds
  5 quokkas
  2 bats (D:1)
  5 frilled lizards
  2 goblin zombies (D:4)
  4 hobgoblin zombies (D:4)
  A kobold zombie (D:4)
  2 orc skeletons (D:4)
  2 orc zombies (D:4)
  A quokka skeleton (D:6)
  14 rats
  A plant (Lair:3)
597 creatures vanquished.

Vanquished Creatures (collateral kills)
  A deep elf knight (D:11)
  2 orc priests (D:11)
3 creatures vanquished.

Vanquished Creatures (others)
  4 fungi
  4 plants
  21 spectral weapons
29 creatures vanquished.

Grand Total: 629 creatures vanquished

Notes
Turn   | Place    | Note
-------+----------+-------------------------------------------
     0 | D:1      | Dracunculus the Gnoll Skald began the quest for the Orb.
     0 | D:1      | Reached XP level 1. HP: 20/20 MP: 6/6
    42 | D:1      | Reached XP level 2. HP: 22/26 MP: 7/7
    46 | D:1      | Learned a level 2 spell: Song of Slaying
   815 | D:1      | Reached XP level 3. HP: 5/31 MP: 9/9
  1081 | D:1      | Learned a level 3 spell: Regeneration
  1085 | D:1      | Learned a level 3 spell: Spectral Weapon
  1143 | D:1      | Reached skill level 5 in Spellcasting
  1413 | D:2      | Found a bloodstained altar of Trog.
  1414 | D:2      | Found a hide-covered altar of Uskayaw.
  1466 | D:2      | Reached skill level 1 in Invocations
  1943 | D:3      | Reached skill level 1 in Short Blades
  1943 | D:3      | Reached skill level 1 in Long Blades
  1943 | D:3      | Reached skill level 1 in Axes
  1943 | D:3      | Reached skill level 1 in Maces & Flails
  1943 | D:3      | Reached skill level 1 in Staves
  1943 | D:3      | Reached skill level 1 in Slings
  1943 | D:3      | Reached skill level 1 in Bows
  1943 | D:3      | Reached skill level 1 in Crossbows
  1943 | D:3      | Reached skill level 1 in Throwing
  1943 | D:3      | Reached skill level 1 in Stealth
  1943 | D:3      | Reached skill level 1 in Shields
  1943 | D:3      | Reached skill level 1 in Unarmed Combat
  1943 | D:3      | Reached skill level 1 in Evocations
  1985 | D:3      | Reached XP level 4. HP: 38/38 MP: 8/11
  2482 | D:3      | Reached skill level 1 in Conjurations
  2482 | D:3      | Reached skill level 1 in Hexes
  2482 | D:3      | Reached skill level 1 in Summonings
  2482 | D:3      | Reached skill level 1 in Necromancy
  2482 | D:3      | Reached skill level 1 in Translocations
  2482 | D:3      | Reached skill level 1 in Transmutations
  2482 | D:3      | Reached skill level 1 in Fire Magic
  2482 | D:3      | Reached skill level 1 in Ice Magic
  2482 | D:3      | Reached skill level 1 in Air Magic
  2482 | D:3      | Reached skill level 1 in Earth Magic
  2482 | D:3      | Reached skill level 1 in Poison Magic
  2786 | D:4      | Reached XP level 5. HP: 27/43 MP: 8/12
  2875 | D:4      | Reached XP level 6. HP: 36/50 MP: 8/13
  3030 | D:4      | Got a fine leather armour
  3070 | D:4      | Found a glowing golden altar of the Shining One.
  3079 | D:4      | Reached skill level 5 in Fighting
  3079 | D:4      | Reached skill level 5 in Polearms
  3079 | D:4      | Reached skill level 5 in Dodging
  3462 | D:5      | Entered Level 5 of the Dungeon
  3523 | D:5      | Reached XP level 7. HP: 56/56 MP: 9/15
  3589 | D:5      | Found a hazy altar of Hepliaklqana.
  3639 | D:5      | Reached skill level 5 in Short Blades
  3639 | D:5      | Reached skill level 5 in Long Blades
  3639 | D:5      | Reached skill level 5 in Axes
  3639 | D:5      | Reached skill level 5 in Maces & Flails
  3639 | D:5      | Reached skill level 5 in Staves
  3639 | D:5      | Reached skill level 5 in Slings
  3639 | D:5      | Reached skill level 5 in Bows
  3639 | D:5      | Reached skill level 5 in Crossbows
  3639 | D:5      | Reached skill level 5 in Throwing
  3639 | D:5      | Reached skill level 5 in Armour
  3639 | D:5      | Reached skill level 5 in Stealth
  3639 | D:5      | Reached skill level 5 in Shields
  3639 | D:5      | Reached skill level 5 in Unarmed Combat
  3639 | D:5      | Reached skill level 5 in Invocations
  3639 | D:5      | Reached skill level 5 in Evocations
  3639 | D:5      | Reached XP level 8. HP: 65/65 MP: 15/18
  3640 | D:5      | Reached skill level 5 in Conjurations
  3640 | D:5      | Reached skill level 5 in Hexes
  3640 | D:5      | Reached skill level 5 in Summonings
  3640 | D:5      | Reached skill level 5 in Necromancy
  3640 | D:5      | Reached skill level 5 in Translocations
  3640 | D:5      | Reached skill level 5 in Transmutations
  3640 | D:5      | Reached skill level 5 in Fire Magic
  3640 | D:5      | Reached skill level 5 in Ice Magic
  3640 | D:5      | Reached skill level 5 in Air Magic
  3640 | D:5      | Reached skill level 5 in Earth Magic
  3640 | D:5      | Reached skill level 5 in Poison Magic
  3640 | D:5      | Reached XP level 9. HP: 73/73 MP: 15/20
  4272 | D:6      | Found Wahis's General Store.
  4282 | D:6      | Found Hawecu Nifum's Antique Armour Shop.
  4289 | D:6      | Bought a pair of glowing gloves for 232 gold pieces
  4684 | D:6      | Found Quukline's Antique Weapon Emporium.
  4700 | D:6      | Found a blossoming altar of Fedhas.
  4945 | D:7      | Found a shadowy altar of Dithmenos.
  5075 | D:7      | Found a staircase to the Ecumenical Temple.
  5085 | Temple   | Entered the Ecumenical Temple
  5153 | Temple   | Became a worshipper of Ashenzari the Shackled
  5153 | Temple   | Identified the +2 leather armour of Coronation {rElec MR-
                  | rCorr Str-5} (You found it on level 4 of the Dungeon)
  5868 | D:7      | Reached XP level 10. HP: 80/80 MP: 22/22
  5969 | D:8      | Learned a level 2 spell: Blink
  6070 | D:8      | Found a staircase to the Lair.
  6082 | D:8      | Noticed a two-headed ogre
  6105 | D:8      | Killed a two-headed ogre
  6532 | D:9      | Reached * piety under Ashenzari
  6584 | D:9      | Learned a level 3 spell: Conjure Flame
  6588 | D:9      | Learned a level 3 spell: Mephitic Cloud
  6650 | D:9      | Noticed Maurice
  6708 | D:9      | Killed Maurice
  7233 | Lair:1   | Entered Level 1 of the Lair of Beasts
  7252 | Lair:1   | Noticed a spiny frog
  7262 | Lair:1   | Killed a spiny frog
  7262 | Lair:1   | Reached XP level 11. HP: 61/85 MP: 10/23
  7543 | Lair:1   | Found an iron altar of Okawaru.
  7570 | Lair:1   | Reached ** piety under Ashenzari
  8429 | Lair:2   | Found a hole to the Spider Nest.
  9207 | Lair:2   | Reached XP level 12. HP: 79/93 MP: 18/25
  9735 | Lair:3   | Noticed a death yak
  9735 | Lair:3   | Noticed a death yak
  9771 | Lair:3   | Killed a death yak
  9782 | Lair:3   | Killed a death yak
  9843 | Lair:3   | Noticed a death yak
  9843 | Lair:3   | Noticed a death yak
  9948 | Lair:3   | Killed a death yak
  9960 | Lair:3   | Killed a death yak
 10032 | Lair:3   | Reached *** piety under Ashenzari
 10322 | Lair:3   | Identified the ring "Memuefoy" {+Fly rF+}
 10880 | Lair:4   | Learned a level 6 spell: Deflect Missiles
 10886 | Lair:4   | Learned a level 5 spell: Silence
 11355 | Lair:4   | Noticed Rupert
 11391 | Lair:4   | Reached XP level 13. HP: 32/100 MP: 8/26
 11856 | Lair:4   | Found a staircase to the Swamp.
 12708 | Lair:5   | Reached **** piety under Ashenzari
 12843 | Lair:5   | Found a staircase to the Slime Pits.
 13253 | Lair:6   | Entered Level 6 of the Lair of Beasts
 13291 | Lair:6   | Found a frozen archway.
 13437 | IceCv    | Entered an ice cave
 13464 | IceCv    | Found a transporter.
 13801 | IceCv    | Found a transporter.
 13839 | IceCv    | HP: 4/102 [ice beast[an ice statue] (3)]
 14431 | Lair:6   | Reached skill level 10 in Spellcasting
 14929 | Lair:6   | Reached skill level 10 in Fighting
 14929 | Lair:6   | Reached skill level 10 in Polearms
 14929 | Lair:6   | Reached skill level 10 in Dodging
 15413 | Lair:6   | Reached XP level 14. HP: 44/110 MP: 2/28
 15420 | Lair:6   | HP: 4/110 [death yak (5)]
 15979 | Lair:6   | Identified the ring "Inuoh" {*Drain +Fly rPois rN+ Dex+5}
 15999 | Lair:6   | Got the cursed arbalest of Noogepoa {flame, rPois Str+3
                  | Dex-5}
 16017 | Lair:6   | Learned a level 4 spell: Summon Lightning Spire
 16265 | D:10     | Entered Level 10 of the Dungeon
 16695 | D:10     | Reached ***** piety under Ashenzari
 17433 | D:11     | Reached skill level 10 in Invocations
 17497 | D:11     | Identified the cursed +0 arbalest of Noogepoa {flame, rPois
                  | Str+3 Dex-5} (You found it on level 6 of the Lair of
                  | Beasts)
 17501 | D:11     | Noticed Psyche
 17512 | D:11     | Killed Psyche
 17578 | D:11     | Found a transporter.
 17615 | D:11     | Found a transporter.
 18189 | D:11     | Found an iron altar of Okawaru.
 18305 | D:11     | Identified the Almanac of Bewitchment
 18358 | D:12     | Found a runed translucent door.
 18385 | D:12     | Noticed Erolcha
 18411 | D:12     | Killed Erolcha
 18751 | D:12     | Got the uncursed helmet of the Everdark {rN+ rCorr Slay+2}
 18762 | D:12     | Identified the +1 helmet of the Everdark {rN+ rCorr Slay+2}
                  | (You found it on level 12 of the Dungeon)
 18864 | D:12     | Noticed Kirke
 18884 | D:12     | Killed Kirke
 18976 | D:12     | Found a staircase to the Orcish Mines.
 19178 | Orc:1    | Entered Level 1 of the Orcish Mines
 19432 | Orc:2    | Entered Level 2 of the Orcish Mines
 19490 | Orc:2    | Found a flickering gateway to a bazaar.
 19501 | Bazaar   | Entered a bazaar
 19503 | Bazaar   | Found Deedghia's Food Boutique.
 19507 | Bazaar   | Found Xehubit's Antique Armour Boutique.
 19507 | Bazaar   | Found Duc Ojeu's Antique Weapon Boutique.
 19507 | Bazaar   | Found Viurr's Distillery.
 19529 | Bazaar   | Bought a faintly glowing cloak for 389 gold pieces
 19539 | Bazaar   | Identified the -3 cloak of Freedom {MR+ Str+2} (You bought
                  | it in a shop in a bazaar)
 19546 | Bazaar   | Bought a glowing demon trident for 342 gold pieces
 19636 | Orc:2    | Noticed a stone giant
 19652 | Orc:2    | Killed a stone giant
 19652 | Orc:2    | Reached skill level 10 in Armour
 19956 | Orc:2    | Reached XP level 15. HP: 15/117 MP: 4/29
 19957 | Orc:2    | HP: 5/117 [orc high priest/divine providence (9)]
 19957 | Orc:2    | Killed from afar by an orc priest

Levels and vault maps discovered:
D:1:      dpeg_arrival_rhombi, layout_basic, minmay_misc_feat_nine_boxes,
          minivault_27, minmay_rat_gold_closets
D:2:      layout_loops_ring, gammafunk_temple_overflow_statue, st_stairs_12,
          minmay_tromino_i4
D:3:      layout_basic, minmay_diced_spiral
D:4:      layout_loops_cross, nicolae_tso_besieged_by_evil, st_stairs_12,
          minmay_bisected
D:5:      layout_basic, kennysheep_mini_moat, first_ration
D:6:      layout_loops_cross, serial_shops, nicolae_shop_stone, shop, shop,
          basic_altar, grunt_ministairs_6, hangedman_abyss_or_decor_slice
D:7:      layout_loops_corners, temple_green, basic_altar
D:8:      layout_rooms, lair_entry_dummy
D:9:      layout_cave_pools, hangedman_little_slice_of_home, uniq_maurice
D:10:     layout_grid_maze
D:11:     gammafunk_wand_slinger, layout_loops_corners, okawaru_humans,
          uniq_psyche
D:12:     layout_roguey, orc_0_dummy, minmay_crystal_box, uniq_erolcha,
          uniq_kirke
Temple:   dpeg_five_rooms_temple
Lair:1:   layout_small_grid, basic_altar, chequers_serial_rivers_small_3
Lair:2:   layout_layer_cave, spider_nest_entry_web_field, grunt_megastairs_4
Lair:3:   layout_cave_pods, st_stairs_13, minivault_23, serial_bayou_pond_b,
          wad_woods_01, serial_bayou_shore_a
Lair:4:   layout_gridlike, swamp_mist, uniq_rupert
Lair:5:   layout_roguey, minmay_slime_entry_oklob_open
Lair:6:   grunt_lair_end_beastmaster, layout_concentric_octagons,
          portal_ice_cave_demonic_guard
Orc:1:    layout_caves, basic_altar
Orc:2:    st_orc_pillars, layout_caves, serial_shops, bzr_entry_gold

Skill      XL: |  1  2  3  4  5  6  7  8  9 10 11 12 13 14 |
---------------+-------------------------------------------+-----
Spellcasting   | 5 7 8 9 10 | 10.9
Invocations    | 1 2 5 6 7 8 9 10 | 10.5
Short Blades   | 1 2 5 6 7 8 9 |  9.7
Long Blades    | 1 2 5 6 7 8 9 |  9.7
Axes           | 1 2 5 6 7 8 9 |  9.7
Maces & Flails | 1 2 5 6 7 8 9 |  9.7
Staves         | 1 2 5 6 7 8 9 |  9.7
Slings         | 1 2 5 6 7 8 9 |  9.7
Bows           | 1 2 5 6 7 8 9 |  9.7
Crossbows      | 1 2 5 6 7 8 9 |  9.7
Throwing       | 1 2 5 6 7 8 9 |  9.7
Stealth        | 1 2 5 6 7 8 9 |  9.7
Shields        | 1 2 5 6 7 8 9 |  9.7
Unarmed Combat | 1 2 5 6 7 8 9 |  9.7
Evocations     | 1 2 5 6 7 8 9 |  9.7
Conjurations   | 1 4 5 6 7 8 |  8.1
Hexes          | 1 4 5 6 7 8 |  8.1
Summonings     | 1 4 5 6 7 8 |  8.1
Necromancy     | 1 4 5 6 7 8 |  8.1
Translocations | 1 4 5 6 7 8 |  8.1
Transmutations | 1 4 5 6 7 8 |  8.1
Fire Magic     | 1 4 5 6 7 8 |  8.1
Ice Magic      | 1 4 5 6 7 8 |  8.1
Air Magic      | 1 4 5 6 7 8 |  8.1
Earth Magic    | 1 4 5 6 7 8 |  8.1
Poison Magic   | 1 4 5 6 7 8 |  8.1
Armour         | 3 5 6 7 8 9 10 | 10.1
Fighting       | 5 6 7 8 9 10 | 10.7
Polearms       | 5 6 7 8 9 10 | 10.7
Dodging        | 5 6 7 8 9 10 | 10.7
Charms         | 7 8 9 |  9.8

Action                   |  1- 3 |  4- 6 |  7- 9 | 10-12 | 13-15 || total
-------------------------+-------+-------+-------+-------+-------++-------
Melee: Spear             |   169 |    39 |       |   898 |  1112 ||  2218
       Bite              |    10 |    15 |    21 |   108 |   177 ||   331
       Punch             |     1 |       |     3 |     1 |       ||     5
       Trident           |       |   119 |   209 |    29 |       ||   357
       Demon trident     |       |       |       |       |    97 ||    97
       Unarmed           |       |       |       |       |    15 ||    15
Throw: Javelin           |     2 |       |       |       |       ||     2
 Cast: Spectral Weapon   |     2 |    15 |    14 |    65 |    80 ||   176
       Regeneration      |     1 |     2 |       |    19 |    15 ||    37
       Song of Slaying   |       |     1 |     2 |     3 |     5 ||    11
       Infusion          |       |       |       |     1 |     2 ||     3
       Conjure Flame     |       |       |       |     3 |    15 ||    18
       Blink             |       |       |       |       |     2 ||     2
       Summon Lightning  |       |       |       |       |     2 ||     2
       Deflect Missiles  |       |       |       |       |     1 ||     1
Invok: Curse Item        |       |       |       |     1 |     2 ||     3
 Abil: Evoke Flight      |       |       |       |       |     1 ||     1
Evoke: Wand              |       |       |       |       |    25 ||    25
  Use: Scroll            |     5 |     3 |     4 |    10 |    13 ||    35
       Potion            |       |       |     2 |       |     4 ||     6
 Stab: Sleeping          |     4 |       |     9 |    12 |    18 ||    43
       Distracted        |       |     1 |       |    11 |    21 ||    33
       Petrified         |       |       |       |       |     5 ||     5
  Eat: Chunk             |     4 |     6 |     8 |    20 |    27 ||    65
       Ration            |       |       |       |       |     1 ||     1
Armor: Leather armour    |    24 |       |       |       |       ||    24
       Ring mail         |     4 |    31 |    34 |   129 |   159 ||   357
Dodge: Dodged            |    72 |    79 |    84 |   371 |   651 ||  1257
       Deflected         |       |       |       |       |     8 ||     8
Block: Buckler           |       |       |       |   122 |   227 ||   349

Table legend:
 A = Non-vault XP
 B = Vault XP
 C = Vault XP percentage of total XP
 D = Non-vault monster count
 E = Vault monster count
 F = Vault count percentage of total count
                 A         B        C        D         E       F
            +---------+---------+-------+---------+---------+-------
      Total |   58274 |   26441 |  31.2 |     449 |     150 |  25.0
            +---------+---------+-------+---------+---------+-------
        D:1 |      36 |       7 |  16.3 |      16 |       7 |  30.4
        D:2 |      25 |       4 |  13.8 |      14 |       3 |  17.6
        D:3 |      64 |       9 |  12.3 |      20 |       4 |  16.7
        D:4 |     249 |     184 |  42.5 |      17 |      16 |  48.5
        D:5 |     400 |       0 |   0.0 |      19 |       0 |   0.0
        D:6 |     357 |      30 |   7.8 |      15 |       2 |  11.8
        D:7 |    1246 |       0 |   0.0 |      35 |       0 |   0.0
        D:8 |    2029 |       0 |   0.0 |      24 |       0 |   0.0
        D:9 |    1460 |     635 |  30.3 |      28 |       9 |  24.3
       D:10 |    3153 |       0 |   0.0 |      39 |       0 |   0.0
       D:11 |    4542 |    2437 |  34.9 |      24 |      10 |  29.4
       D:12 |    6539 |    2684 |  29.1 |      28 |       4 |  12.5
     Lair:1 |    3109 |       0 |   0.0 |      15 |       0 |   0.0
     Lair:2 |    6186 |     595 |   8.8 |      29 |       3 |   9.4
     Lair:3 |    8372 |    1915 |  18.6 |      26 |      11 |  29.7
     Lair:4 |    4800 |       0 |   0.0 |      17 |       0 |   0.0
     Lair:5 |    2836 |       0 |   0.0 |      14 |       0 |   0.0
     Lair:6 |    8584 |   10352 |  54.7 |      21 |      23 |  52.3
      Orc:1 |    1671 |       0 |   0.0 |      24 |       0 |   0.0
      Orc:2 |    2616 |    5696 |  68.5 |      24 |      50 |  67.6
      IceCv |       0 |    1893 | 100.0 |       0 |       8 | 100.0
            +---------+---------+-------+---------+---------+-------
